 Dungeon Crawl Stone Soup version 0.31-a0-66-ge618eeaa78 (webtiles) character file.

Game seed: 2546277688954324668

3734 Zonian the Slicer (level 10, -3/65 HPs)
             Began as a Tengu Air Elementalist on May 23, 2023.
             Was a Follower of Ashenzari.
             Killed from afar by a rime drake (10 damage)
             ... with an icy flash freeze
             ... on level 8 of the Dungeon.
             The game lasted 00:23:56 (11572 turns).

Zonian the Slicer (Tengu Air Elementalist)         Turns: 11572, Time: 00:23:56

Health: -3/65      AC:  4    Str:  8    XL:     10   Next: 15%
Magic:  18/18      EV: 16    Int: 20    God:    Ashenzari [*.....]
Gold:   373        SH:  0    Dex: 15    Spells: 12/18 levels left

rFire   . . .        e - +1 dagger (venom)
rCold   + . .        (no shield)
rNeg    . . .        a - +0 robe of Star-Bound Wisdom {Comp, Range} (curse)
rPois   .            (helmet restricted)
rElec   .            y - +0 cloak
rCorr   .            k - +0 pair of gloves "Share My Awkwardness" {Self, Evo} (curse)
SInv    .            (boots unavailable)
Will    .....        (no amulet)
Stlth   +++          f - ring of protection from cold
HPRegen 0.30/turn    (no ring)
MPRegen 0.16/turn

%: no passive effects
@: flying quickly and evasively, quick
A: beak, talons 3, nimble flight
a: Renounce Religion, Shatter the Chains


You were on level 8 of the Dungeon.
You worshipped Ashenzari.
Ashenzari was aware of your devotion.
You visited 2 branches of the dungeon, and saw 9 of its levels.

You collected 373 gold pieces.

Inventory:

Hand Weapons
 e - a +1 dagger of venom (weapon)
 p - the +6 spear of Jexzadwi {freeze, Fly}
   (You found it on level 7 of the Dungeon)

   Fly:       It grants you flight.
 x - a +2 war axe of freezing
 A - a +0 short sword of speed
 B - a +3 whip
 E - a +0 orcbow
 F - a +2 battleaxe of freezing
Missiles
 z - 10 poisoned darts
 C - a throwing net
Armour
 a - the cursed +0 robe of Star-Bound Wisdom (worn) {Comp, Range}

   It has a curse which improves the following skills: Companions: Summonings
   and Necromancy.
   Ranged Combat: Ranged Weapons and Throwing.
 k - the cursed +0 pair of gloves "Share My Awkwardness" (worn) {Self, Evo}
   (You found it on level 2 of the Dungeon)

   It has a curse which improves the following skills: Introspection: Fighting
   and Spellcasting.
   Evocations: Evocations.
 q - a +0 ring mail
 t - a +0 scale mail
 y - a +0 cloak (worn)
Jewellery
 f - a ring of protection from cold (left hand)
 o - an amulet of faith
Wands
 l - a wand of quicksilver (12)
 r - a wand of iceblast (32)
 v - a wand of flame (34)
Scrolls
 c - a scroll of fog
 d - a scroll of brand weapon
 h - a scroll of enchant armour
 s - 3 scrolls of teleportation
 u - a scroll of magic mapping
 w - a scroll of noise
Potions
 b - 2 potions of magic
 g - a potion of heal wounds
 i - 2 potions of mutation
 j - 2 potions of enlightenment
 m - a potion of curing
 n - a potion of might
 G - a potion of ambrosia


   Skills:
 + Level 7.9(8.8) Fighting
 + Level 8.8 Short Blades
 - Level 4.7 Dodging
 - Level 4.5 Stealth
 - Level 3.9(4.7) Spellcasting
 - Level 4.8 Conjurations
 - Level 6.4 Air Magic


You had 12 spell levels left.
You knew the following spells:

 Your Spells              Type           Power      Damage    Failure   Level
a - Shock                 Conj/Air       100%       1d9       1%          1
b - Static Discharge      Conj/Air       50%        2-5/arc   2%          2
c - Swiftness             Air            30%        N/A       2%          3

Your spell library contained the following spells:

 Spells                   Type           Power      Damage    Failure   Level
 Poisonous Vapours        Pois/Air       30%        N/A       6%          2
 Airstrike                Air            15%        2d(3-19)  9%          4
 Cigotuvi's Dreadful Rot  Necr/Pois/Air  20%        N/A       11%         2
 Necrotise                Necr           16%        1d4       12%         1
 Slow                     Hex            16%        N/A       12%         1
 Sting                    Tmut/Pois      8%         1d3       16%         1
 Ensorcelled Hibernation  Hex/Ice        4%         N/A       22%         2
 Passwall                 Tmut/Erth      1%         N/A       22%         2
 Confusing Touch          Hex            4%         N/A       34%         3
 Frozen Ramparts          Ice            8%         1d2       34%         3
 Vampiric Draining        Necr           4%         2d6       34%         3
 Ignite Poison            Fire/Tmut/Pois 1%         N/A       45%         3
 Freezing Cloud           Conj/Ice/Air   8%         6-21      67%         5
 Olgreb's Toxic Radiance  Pois           4%         N/A       75%         4
 Ice Form                 Ice/Tmut       2%         N/A       83%         4
 Summon Ice Beast         Ice/Summ       2%         N/A       83%         4
 Agony                    Necr           4%         N/A       97%         5


Dungeon Overview and Level Annotations

Branches:
Dungeon (8/15)             Temple (1/1) D:6            Lair (0/5) D:8

Altars:
Ashenzari
Cheibriados
Dithmenos
Elyvilon
Gozag
Hepliaklqana
Kikubaaqudgha
Makhleb
Ru
Trog
Vehumet
Yredelemnul
The Shining One


Innate Abilities, Weirdness & Mutations

You have a beak for a mouth.
You have claws for feet.
Your magical nature lets you fly swiftly and evasively.


Message History

The polar bear is moderately wounded.
The rime drake is struck by an arc of lightning.
The rime drake is severely wounded.
You are struck by an arc of lightning.
The lightning grounds out.
The rime drake misses you. The polar bear bites you! The polar bear misses you.
The polar bear closely misses you.
The rime drake attacks as you move away!
The rime drake bites you. The ice encasing you melts away.
The rime drake barely misses you. The rime drake breathes ice at you.
The icy flash freeze hits you!! You partially resist.
* * * LOW HITPOINT WARNING * * *
You are encased in ice.
You feel much better. The polar bear bites you!
* * * LOW HITPOINT WARNING * * *
The polar bear claws you but does no damage. x2
The rime drake closely misses you.
The rime drake attacks as you move away!
The rime drake closely misses you. The ice encasing you melts away.
As you read the scroll of fear, it crumbles to dust.
You assume a fearsome visage.
The ice beast looks frightened!
The rime drake looks frightened!
The polar bear looks frightened!
Unknown command.
The rime drake looks more healthy.
You start resting.
A rime drake is nearby!
A rime drake is nearby!
Unknown command.
The rime drake breathes ice at you. The icy flash freeze hits you!!
You partially resist.
* * * LOW HITPOINT WARNING * * *
You are encased in ice.
The ice encasing you melts away.
As you read the scroll of fog, it crumbles to dust.
The scroll dissolves into smoke.
The rime drake breathes ice at you. The icy flash freeze hits you!
You partially resist.
You die...

#####.........####
......k...§§§##
.....######§§## ....##
#§§§# ....# ##k§##
....# ##§§# ....##
#..## ###. .....#
##..#####...# .....#
#..@.......# .....#
##.........# .....##
#........# ......###
##.....###
........#######....###
..................##
.................).##
....................##
.....###.............##


You could see a rime drake (catching breath).

Vanquished Creatures
  Grinder (D:6)
  Sigmund (D:2)
  Menkaure (D:5)
  Duvessa (D:5)
  2 water moccasins
  2 sky beasts (D:7)
  4 orc warriors
  2 ice beasts
  2 ogres
  A wolf (D:8)
  2 phantoms
  A kobold brigand (D:6)
  A bullfrog (D:5)
  3 scorpions
  2 wyvern zombies (D:7)
  5 wights (D:7)
  Dowan (D:5)
  2 centaur zombies (D:7)
  5 hounds
  3 orc priests
  A bullfrog zombie (D:7)
  2 jellies (D:6)
  A sleepcap (D:7)
  Jessica (D:2)
  Ijyb (D:2)
  5 iguanas
  7 orc wizards
  2 killer bee zombies (D:7)
  8 gnolls
  6 adders
  2 shadow imps
  A white imp (D:6)
  3 dart slugs
  25 orcs
  12 ball pythons
  6 bats
  10 endoplasms
  9 goblins
  13 hobgoblins
  6 jackals
  8 kobolds
  4 rats
175 creatures vanquished.

Notes
Turn   | Place    | Note
-------+----------+-------------------------------------------
     0 | D:1      | Zonian the Tengu Air Elementalist began the quest for the
                  | Orb.
     0 | D:1      | Reached XP level 1. HP: 10/10 MP: 4/4
   164 | D:1      | Found a faded altar of an unknown god.
   373 | D:1      | Reached XP level 2. HP: 15/15 MP: 6/6
   808 | D:2      | Reached XP level 3. HP: 19/19 MP: 7/7
   908 | D:2      | Noticed Jessica
   915 | D:2      | Killed Jessica
   954 | D:2      | You fall into a shaft and drop 2 floors!
  1004 | D:4      | Reached XP level 4. HP: 24/24 MP: 8/8
  1269 | D:4      | Gained mutation: Your magical nature lets you fly swiftly
                  | and evasively. [Tengu growth]
  1269 | D:4      | Reached XP level 5. HP: 26/28 MP: 4/10
  1752 | D:4      | Reached skill level 5 in Air Magic
  1759 | D:4      | Learned a level 2 spell: Static Discharge
  2474 | D:2      | Noticed Sigmund
  2618 | D:2      | Found a basalt altar of Yredelemnul.
  2725 | D:2      | Killed Sigmund
  2726 | D:2      | Reached XP level 6. HP: 32/32 MP: 11/11
  2786 | D:2      | Noticed Ijyb
  2805 | D:2      | Killed Ijyb
  3449 | D:3      | Reached XP level 7. HP: 21/36 MP: 6/13
  3889 | D:3      | Learned a level 3 spell: Swiftness
  4172 | D:3      | Found an ancient bone altar of Kikubaaqudgha.
  4404 | D:5      | Entered Level 5 of the Dungeon
  4943 | D:5      | Reached skill level 1 in Short Blades
  4965 | D:5      | Found a snail-covered altar of Cheibriados.
  4974 | D:5      | Reached XP level 8. HP: 41/41 MP: 12/14
  4988 | D:5      | Noticed Menkaure
  5006 | D:5      | Killed Menkaure
  5007 | D:5      | Reached skill level 1 in Fighting
  5007 | D:5      | Reached skill level 2 in Short Blades
  5255 | D:5      | Reached skill level 3 in Short Blades
  5485 | D:5      | Noticed Duvessa
  5493 | D:5      | Noticed Dowan
  5510 | D:5      | Killed Duvessa
  5512 | D:5      | Killed Dowan
  5513 | D:5      | Reached skill level 4 in Short Blades
  6027 | D:6      | Found a radiant altar of Vehumet.
  6348 | D:6      | Noticed Grinder
  6575 | D:6      | Reached skill level 5 in Short Blades
  6776 | D:6      | Found a staircase to the Ecumenical Temple.
  6787 | Temple   | Entered the Ecumenical Temple
  6823 | Temple   | Became a worshipper of Ashenzari the Shackled
  6881 | D:6      | Reached XP level 9. HP: 41/52 MP: 15/15
  7050 | D:6      | Killed Grinder
  7051 | D:6      | Reached skill level 5 in Fighting
  7263 | D:6      | Reached skill level 6 in Short Blades
  7700 | D:7      | Identified the +6 spear of Jexzadwi {freeze, Fly}
  8408 | D:7      | Found a white marble altar of Elyvilon.
  8425 | D:7      | Reached skill level 7 in Short Blades
 10111 | D:7      | Reached skill level 8 in Short Blades
 10715 | D:8      | Reached XP level 10. HP: 22/63 MP: 5/16
 11076 | D:8      | Reached * piety under Ashenzari
 11503 | D:8      | Found a staircase to the Lair.
 11513 | D:8      | HP: 2/65 [rime drake/icy flash freeze (23)]
 11572 | D:8      | Killed from afar by a rime drake

Illustrated notes

Levels and vault maps discovered:
D:1:      saegor_arrival_miasma, layout_basic, ebering_ecumenical_altar_box
D:2:      kennysheep_the_goblin_king, layout_loops_ring, basic_altar,
          hex_medium, st_stairs_11, uniq_sigmund, uniq_jessica
D:3:      layout_rooms, lemuel_crystal_altar, serial_aquarium,
          aquarium_bridge_square [aquarium_subvault_balcony,
          aquarium_subvault_window, aquarium_subvault_bridge,
          aquarium_subvault_window], aquarium_bridge_straight
          [aquarium_subvault_bridge, aquarium_subvault_wall,
          aquarium_subvault_bridge, aquarium_subvault_wall], aquarium_window_2,
          aquarium_window_corridor_3, aquarium_view_2d
D:4:      layout_cave_pods
D:5:      layout_cave_pools, lemuel_tele_altar, uniq_duvessa, uniq_menkaure
D:6:      layout_loops_ring, nicolae_vehumet_radiance,
          minmay_temple_entry_poolview, uniq_grinder
D:7:      wander_river, layout_loops_cross, nicolae_elyvilon_peaceful_grove,
          serial_undead, serial_undead_a, serial_undead_d, serial_undead_c,
          serial_undead_f, serial_undead_c, nicolae_nh_ransacked_shop
D:8:      layout_layer_cave, kennysheep_mini, hellmonk_lair_entry_icy
Temple:   nicolae_temple_bog_church

Skill      XL: |  1  2  3  4  5  6  7  8  9 |
---------------+----------------------------+-----
Conjurations   | 2 3 4 |  4.8
Dodging        | 3 4 |  4.7
Stealth        | 3 4 |  4.5
Air Magic      | 5 6 |  6.4
Spellcasting   | 3 |  3.9
Short Blades   | 1 5 8 |  8.8
Fighting       | 4 7 |  7.9

Action                     |  1- 3 |  4- 6 |  7- 9 | 10-12 || total
---------------------------+-------+-------+-------+-------++-------
  Melee: Dagger            |    37 |   115 |   291 |    47 ||   490
         Kick              |     7 |    27 |   120 |    15 ||   169
         Unarmed           |     1 |       |       |       ||     1
         Peck              |     4 |    27 |    73 |    14 ||   118
         Punch             |       |     2 |     2 |     1 ||     5
   Cast: Shock             |     1 |    12 |    35 |     5 ||    53
         Static Discharge  |       |     2 |    75 |     8 ||    85
 Invoke: Curse Item        |       |       |     1 |     1 ||     2
  Evoke: Wand              |       |     3 |     3 |       ||     6
    Use: Scroll            |     4 |     4 |     2 |     2 ||    12
         Potion            |       |       |       |     2 ||     2
   Stab: Sleeping          |     8 |     3 |     7 |       ||    18
 Armour: Robe              |     3 |    12 |    33 |     4 ||    52
  Dodge: Dodged            |    20 |    94 |   222 |    38 ||   374

Table legend: (Time is in decaauts)
 A = Elapsed time spent in this place.
 B = Non-inter-level travel time spent in this place.
 C = Inter-level travel time spent in this place.
 D = Time resting spent in this place.
 E = Time spent auto-exploring this place.
 F = Levels seen in this place.
 G = Mean time per level.
                   A        B        C        D        E       F      G
               +--------+--------+--------+--------+--------+-----+--------+
         Total |  11074 |  10841 |    233 |   4877 |   3934 |   9 | 1230.4 |
       Dungeon |  11036 |  10807 |    229 |   4877 |   3934 |   8 | 1379.5 |
        Temple |     37 |     33 |      4 |      0 |      0 |   1 |   37.0 |
               +--------+--------+--------+--------+--------+-----+--------+

Top non-repeatable levels by time:
     D:7: 2466 daAuts
     D:6: 1970 daAuts
     D:4: 1718 daAuts
     D:5: 1314 daAuts
     D:2: 985 daAuts
     D:3: 937 daAuts
     D:8: 860 daAuts
     D:1: 781 daAuts
  Temple: 37 daAuts
